Map: Port Aleksander LE

Players

Piroxiljin - Winner!

  • Race: Terran Terran
  • Spawn Location: 5:00

VOD

Have the link to the VOD?

Description

Time

  • Played on: Jan. 13, 2019, 2:41 a.m.
  • Length: 12:47
Show
View Real Time Build Order
Export as new Build Order

Piroxiljin Terran - Winner!

Build Orders:  

Get SALT Encoding   

  12  0:03  SCV  
  13  0:20  SCV  
  14  0:38  Supply Depot  
  14  0:39  SCV  
  15  1:08  SCV  
  16  1:11  Refinery  
  16  1:25  SCV  
  17  1:34  Barracks  
  17  1:42  SCV  
  18  1:59  SCV  
  19  2:15  Barracks  
  19  2:16  SCV  
  20  2:33  SCV  
  21  2:40  Refinery  
  21  2:45  Supply Depot  
  21  2:50  SCV  
  21  2:58  Reaper  
  23  3:22  Barracks, Orbital Command  
  22  4:09  SCV  
  23  4:16  Barracks Tech Lab  
  23  4:21  Barracks Tech Lab  
  23  4:36  Factory  
  23  4:39  SCV  
  24  4:56  SCV  
  25  5:00  Unknown  
  24  5:18  Marauder  
  24  5:19  Marauder  
  28  5:23  SCV  
  29  5:35  Marine  
  30  5:40  SCV  
  31  5:50  Supply Depot  
  31  6:20  SCV, Marine x3  
  31  6:22  Unknown  
  35  6:42  Starport  
  35  6:45  Marine  
  36  6:57  Marine x2, Command Center  
  38  7:07  Factory Tech Lab  
  38  7:11  SCV  
  39  7:31  Supply Depot  
  39  7:39  Supply Depot  
  39  8:01  SCV, Marauder x2  
  39  8:06  Engineering Bay, Reaper  
  39  8:07  Viking  
  47  8:10  Supply Depot  
  46  8:36  Reaper  
  46  8:38  Marine  
  48  8:43  Cyclone, Supply Depot  
  48  8:46  Marine  
  48  8:49  Viking  
  54  9:03  Marine  
  54  9:05  Orbital Command  
  55  9:16  Marauder  
  57  9:22  Supply Depot  
  57  9:25  Refinery  
  57  9:28  Cyclone, Marauder  
  62  9:31  Viking  
  64  9:52  Unknown  
  64  9:54  Supply Depot  
  64  9:56  Marine x2  
  64  9:58  Marauder  
  68  10:07  Terran Infantry Weapons Level 1  
  68  10:14  Starport Tech Lab  
  68  10:21  Marauder, Marine  
  68  10:25  Supply Depot  
  68  10:27  Marine  
  72  10:40  Unknown  
  73  10:51  Marauder, Reaper  
  73  10:52  Marauder  
  77  11:08  Unknown  
  77  11:22  Unknown  
  77  11:26  Reaper, Unknown  
  77  11:29  Unknown x2  
  76  12:15  Unknown  
Tags
 
Add a new tag
Caveats
  • Supply blocks, unpowered buildings, or Contaminate may cause inaccurate times.
  • Supply counts are checked every 10 seconds.